AoeStats
← Abetterhandle

MegaRandom

504446067Analyzed
4v4 RM · 28d ago on Sep 5, 2026· 50m 19s· 8 players
Game mode
Random Map
Map size
Large (8 player)
Population
200
Speed
Normal
Resources
Standard
Victory
Conquest
Starting age
Dark Age
Ending age
Imperial Age
RankedLock teamsTeams togetherTeam positionsShared explorationLock speedFull tech treeHidden civsTurbo modeCheats
Victory
Defeat
🇨🇿 Turks · Czechia
996
+15
🇮🇳 Cumans · India
987
+15
🇳🇿 Malians · New Zealand
944
+17
🇹🇷 Tatars · Türkiye
942
+18
🇭🇰 Lithuanians · Hong Kong SAR China
994
-17
🇨🇳 Sicilians · China
978
-16
🇱🇰 Spanish · Sri Lanka
968
-16
🇨🇳 Saracens · China
956
-16
Fantasy Seeker
13:04 Feudal Age
14:25 Loom
17:02 Castle Age
18:47 Double-Bit Axe
22:35 Bow Saw
23:04 Horse Collar
24:17 Heavy Plow
27:18 Wheelbarrow
27:08 Gold Mining
29:03 Stone Mining
30:12 Scale Barding Armor
30:49 Bloodlines
30:40 Husbandry
31:13 Chain Barding Armor
31:04 Forging
31:34 Hand Cart
33:19 Stone Shaft Mining
35:49 Iron Casting
39:28 Imperial Age
36:46 Town Watch
36:55 Fletching
38:31 Ballistics
38:37 Bodkin Arrow
38:42 Murder Holes
40:05 Masonry
39:38 Cavalier
41:44 Blast Furnace
41:23 Plate Barding Armor
41:49 Blast Furnace
42:01 Chemistry
44:05 Paladin
46:16 Bracer
hqitbkv
2:01 Loom
12:29 Feudal Age
16:51 Castle Age
16:50 Double-Bit Axe
17:53 Wheelbarrow
18:52 Wheelbarrow
20:39 Bow Saw
24:29 Bloodlines
24:15 Horse Collar
26:13 Stone Mining
26:14 Gold Mining
27:38 Hand Cart
29:01 Fletching
29:54 Scale Barding Armor
33:02 Stone Shaft Mining
35:56 Chain Barding Armor
36:37 Hill Forts
37:04 Forging
39:54 Imperial Age
39:42 Treadmill Crane
40:23 Ballistics
40:30 Husbandry
41:07 Iron Casting
39:56 Cavalier
42:11 Conscription
路一司
10:47 Feudal Age
15:27 Stone Mining
15:27 Gold Mining
18:08 Scale Mail Armor
31:22 Wheelbarrow
41:29 Castle Age
所以狼
11:00 Feudal Age
14:48 Castle Age
14:18 Double-Bit Axe
14:17 Horse Collar
14:31 Gold Mining
17:40 Bow Saw
25:33 Wheelbarrow
24:43 Loom
24:44 Town Watch
25:05 Heavy Plow
28:32 Imperial Age
29:30 Hand Cart
28:40 Elite Mameluke
29:41 Conscription
33:30 Gold Shaft Mining
32:46 Stone Mining
35:07 Scale Barding Armor
35:15 Forging
35:22 Bloodlines
35:12 Husbandry
36:20 Chain Barding Armor
35:38 Light Cavalry
38:07 Iron Casting
40:12 Hussar
43:28 Plate Barding Armor
43:54 Blast Furnace
kwik
5:17 Loom
10:34 Feudal Age
11:12 Double-Bit Axe
11:10 Horse Collar
17:35 Wheelbarrow
22:32 Castle Age
20:49 Scale Barding Armor
20:47 Gold Mining
21:28 Bloodlines
22:11 Forging
23:43 Bow Saw
23:35 Heavy Plow
23:59 Chain Barding Armor
24:15 Iron Casting
31:34 Gold Shaft Mining
30:50 Stone Mining
31:22 Hand Cart
30:53 Town Watch
36:02 Imperial Age
36:50 Town Patrol
36:15 Cavalier
37:32 Plate Barding Armor
37:57 Blast Furnace
37:21 Ballistics
38:01 Chemistry
36:57 Murder Holes
37:42 Paladin
43:29 Steppe Husbandry
43:50 Conscription
48:48 Capped Ram
49:43 Siege Ram
Abetterhandle
1:48 Loom
10:21 Feudal Age
16:03 Castle Age
21:58 Forging
22:06 Fletching
23:46 Bodkin Arrow
26:25 Iron Casting
27:52 Scale Mail Armor
35:25 Imperial Age
33:59 Chain Mail Armor
36:19 Squires
36:05 Arson
39:57 Tigui
40:20 Conscription
48:55 Elite Gbeto
Pedro89cz
2:50 Loom
10:59 Feudal Age
11:33 Horse Collar
11:41 Double-Bit Axe
19:47 Castle Age
21:24 Heavy Plow
24:19 Wheelbarrow
25:19 Town Watch
29:17 Murder Holes
31:55 Imperial Age
29:50 Hand Cart
30:31 Padded Archer Armor
30:54 Ballistics
30:50 Masonry
31:00 Fletching
33:55 Leather Archer Armor
36:31 Ring Archer Armor
36:20 Bow Saw
38:03 Conscription
43:25 Gold Mining
43:28 Stone Mining
43:46 Squires
43:45 Bodkin Arrow
44:00 Forging
43:51 Scale Mail Armor
MERT AVC
11:38 Feudal Age
13:06 Horse Collar
13:12 Double-Bit Axe
14:40 Wheelbarrow
17:53 Castle Age
25:54 Hand Cart
25:41 Heavy Plow
32:09 Imperial Age
30:09 Ballistics
33:52 Loom
33:59 Heavy Cavalry Archer
37:38 Chemistry
37:01 Gold Mining
37:08 Stone Mining
38:25 Crop Rotation
38:28 Silk Armor
38:51 Conscription
41:44 Fletching
41:54 Padded Archer Armor
41:43 Town Watch
45:42 Bodkin Arrow
46:03 Leather Archer Armor
48:40 Bracer
49:12 Ring Archer Armor
49:18 Timurid Siegecraft
Connection lost

Rejoining the realm…

Still unreachable

The connection could not be restored.

Session expired

The server has moved on; the page needs a fresh start.